 Dungeon Crawl Stone Soup version 0.20.0-14-g326068f (webtiles) character file.

45 Inchmeat the Grave Robber (level 3, -2/21 HPs)
             Began as a Demonspawn Necromancer on June 8, 2017.
             Slain by a goblin (4 damage)
             ... led by Robin
             ... on level 1 of the Dungeon.
             The game lasted 00:05:27 (2371 turns).

Inchmeat the Grave Robber (Demonspawn Necromancer)  Turns: 2371, Time: 00:05:27

Health: -2/21      AC:  3    Str:  9    XL:     3   Next: 42%
Magic:  5/6        EV: 12    Int: 16    God:
Gold:   76         SH:  0    Dex: 13    Spells: 5/6 levels left

rFire    . . .     SeeInvis .   d - +0 club
rCold    . . .     Gourm    .   (no shield)
rNeg     . . .     Faith    .   a - +0 robe
rPois    .         Spirit   .   (helmet restricted)
rElec    .         Reflect  .   (no cloak)
rCorr    .         Harm     .   e - +0 pair of gloves
MR       .....                  (no boots)
Stlth    ++........             (no amulet)
Regen    0.1/turn               (no ring)
MPRegen  0.1/turn               (no ring)

@: hasted, very quick
A: antennae 1, beak, frail 1, rot immunity
a: no special abilities


You were on level 1 of the Dungeon.
You were not hungry.

You visited 1 branch of the dungeon, and saw 2 of its levels.

You collected 76 gold pieces.

Inventory:

Hand Weapons
 d - a +0 club (weapon)
Armour
 a - a +0 robe (worn)
 e - a +0 pair of gloves (worn)
Scrolls
 f - a scroll of identify {unknown}
 g - a scroll of random uselessness {unknown}
 i - a scroll of noise {unknown}
Books
 b - a book of Necromancy

   Spells                             Type                      Level
   a - Pain                           Necromancy                   1
   b - Animate Skeleton               Necromancy                   1
   c - Vampiric Draining              Necromancy                   3
   d - Regeneration                   Charms/Necromancy            3
   e - Animate Dead                   Necromancy                   4
   f - Control Undead                 Necromancy                   4


   Skills:
 + Level 0.2 Fighting
 - Level 1.7 Dodging
 - Level 1.7 Stealth
 - Level 2.0 Spellcasting
 * Level 5.7 Necromancy


You had 5 spell levels left.
You knew the following spells:

 Your Spells              Type           Power        Failure   Level  Hunger
a - Pain                  Necr           ###.         1%          1    #......


Dungeon Overview and Level Annotations

Branches:
Dungeon (2/15)

Altars:

Annotations:
D:2 Robin


Innate Abilities, Weirdness & Mutations

You have a pair of small antennae on your head.
You are immune to rotting.
You have a beak for a mouth.
You are frail. (-10% HP)


Message History

Robin throws the goblin at you!
There is a stone staircase leading up here.
The hobgoblin no longer looks unusually strong.
Robin says, "Bow before me, strongest of all the hobgoblins!"
The frilled lizard bites you. The goblin closely misses you.
You climb upwards.
There is a stone staircase leading down here.
Unknown command.
Casting: Pain
Confirm with . or Enter, or press ? or * to list all spells.
Aiming: Pain
Press: ? - help, Shift-Dir - straight line, f - frilled lizard
Aim: a frilled lizard (chance to defeat MR: 90%)
The frilled lizard writhes in agony!
You kill the frilled lizard!
The hobgoblin closely misses you. The goblin hits you.
* * * LOW HITPOINT WARNING * * *
You feel yourself speed up. The hobgoblin closely misses you.
The goblin hits you.
You die...

###..#.# #.#
#.......
#..#.######.##
#.....##
#............#
#.....#
############.#
###..## #....#
#..# ###....##
#..#
#.......######..#
#.g.............#
#.@g....######..#
###....## ##.#
#....# #.#
#######.#.# #.#
#.........####
#.#
#.#..........#
#.#
#.#.###.####.#
#.# #.#.# #.# #.#
#.# #.#.# #.# #.#
###.###


You could see a hobgoblin and a goblin.

Vanquished Creatures
  An adder (D:1)
  An ooze (D:1)
  A dart slug (D:1)
  2 bats (D:1)
  A giant cockroach (D:2)
  6 goblins (D:1)
  4 hobgoblins (D:1)
  5 jackals (D:1)
  A kobold (D:1)
  3 frilled lizards (D:1)
  2 rats (D:1)
27 creatures vanquished.

Notes
Turn   | Place    | Note
-------+----------+-------------------------------------------
     0 | D:1      | Inchmeat the Demonspawn Necromancer began the quest for the Orb.
     0 | D:1      | Reached XP level 1. HP: 13/13 MP: 3/3
    73 | D:1      | Gained mutation: You are frail. (-10% HP) [potion of mutation]
    73 | D:1      | Gained mutation: You have a beak for a mouth. [potion of mutation]
   426 | D:1      | Gained mutation: You have a pair of small antennae on your head. [demonic ancestry]
   426 | D:1      | Reached XP level 2. HP: 4/17 MP: 3/5
   441 | D:1      | Reached skill level 5 in Necromancy
  1555 | D:1      | Gained mutation: You are immune to rotting. [demonic ancestry]
  1555 | D:1      | Reached XP level 3. HP: 14/21 MP: 6/6
  2352 | D:2      | Noticed Robin
  2371 | D:1      | Slain by a goblin

Skill      XL: |  1  2 |
---------------+-------+-----
Necromancy     | 5 |  5.7
Fighting       | |  0.2
Dodging        | |  1.7
Stealth        | |  1.7
Spellcasting   | |  2.0

Action                   || total
-------------------------++-------
Melee: Club              ||    80
       Peck              ||    10
 Cast: Pain              ||    22
  Use: Potion            ||     3
 Stab: Sleeping          ||     1
  Eat: Chunk             ||     2
       Bread ration      ||     1
Armor: Robe              ||    31
Dodge: Dodged            ||    83
